 Dungeon Crawl Stone Soup version 0.28.0 (webtiles) character file.

Game seed: 15956084079694390859

39622 MacCMillion the Fighter (level 13, 0/112 HPs)
             Began as a Minotaur Fighter on Feb 7, 2022.
             Was a High Priest of Hepliaklqana.
             Succumbed to a guardian serpent's bolt of poison
             ... on level 6 of the Lair of Beasts on Feb 9, 2022.
             The game lasted 01:15:50 (21546 turns).

MacCMillion the Fighter (Minotaur Fighter)         Turns: 21546, Time: 01:15:51

Health: 0/112      AC: 21    Str: 25    XL:     13   Next: 70%
Magic:  19/19      EV: 24    Int:  9    God:    Hepliaklqana [*****.]
Gold:   801        SH:  0    Dex: 17    Spells: 12/12 levels left

rFire   + + .      SeeInvis .   a - +4 trident (freeze)
rCold   + . .      Faith    .   (no shield)
rNeg    + . .      Spirit   .   S - +0 plate armour
rPois   +          Reflect  .   V - +2 hat "Kuirchua" {rF+ Int+4}
rElec   +          Harm     .   (no cloak)
rCorr   +          Rampage  .   i - +0 pair of gloves
Will    .....                   W - +1 pair of boots {Fly}
Stlth   ..........              D - amulet of the acrobat
HPRegen 0.28/turn               F - ring of positive energy
MPRegen 0.16/turn               L - +6 ring of dexterity

@: lethally poisoned (0 -> -1), resistant, weak-willed, acrobatic, flying,
slowed, very slow
A: reduced essence, horns 2, retaliatory headbutt
a: Renounce Religion, Recall Ancestor, Ancestor Identity, Transference, Idealise


You were on level 6 of the Lair of Beasts.
You worshipped Hepliaklqana.
Hepliaklqana was extremely pleased with you.
You visited 2 branches of the dungeon, and saw 15 of its levels.
You also visited: Bailey and Gauntlet.

You collected 801 gold pieces.

Inventory:

Hand Weapons
 a - a +4 trident of freezing (weapon)
 f - a +0 arbalest
 s - a +2 shortbow of freezing
 M - a +2 battleaxe of freezing
 T - a +0 longbow
Missiles
 n - a boomerang (quivered)
 A - 270 bolts
 B - 4 silver javelins
 G - a throwing net
 H - 87 arrows
 J - 11 poisoned darts
 Z - 6 atropa-tipped darts
Armour
 c - a +0 buckler
 i - a +0 pair of gloves (worn)
 N - a +0 kite shield
 P - a +0 pair of boots of stealth
 S - a +0 plate armour (worn)
 V - the +2 hat "Kuirchua" (worn) {rF+ Int+4}
   (You found it in a Gauntlet)

   Int:       It affects your intelligence (+4).
   rF:        It protects you from fire.
 W - a +1 pair of boots of flying (worn)
Jewellery
 D - an amulet of the acrobat (around neck)
 F - a ring of positive energy (left hand)
 L - a +6 ring of dexterity (right hand)
Wands
 x - a wand of charming (11)
 y - a wand of paralysis (5)
 C - a wand of mindburst (10)
 O - a wand of iceblast (1)
 X - a wand of acid (12)
Scrolls
 b - a scroll of blinking
 e - a scroll of holy word
 k - 6 scrolls of teleportation
 l - a scroll of torment
 m - 9 scrolls of immolation
 p - a scroll of enchant weapon
 q - 2 scrolls of fear
 r - a scroll of summoning
 E - a scroll of fog
 I - a scroll of vulnerability
 K - 3 scrolls of enchant armour
Potions
 d - 3 potions of might
 g - 2 potions of ambrosia
 j - a potion of invisibility
 t - 2 potions of brilliance
 u - a potion of resistance
 v - 2 potions of mutation {unknown}
 w - 3 potions of attraction
 z - 4 potions of haste
 U - a potion of flight {unknown}
Miscellaneous
 R - a tin of tremorstones (2/2)
 Y - a lightning rod (4/4)


   Skills:
 + Level 14.7 Fighting
 - Level 5.0(7.4) Axes
 + Level 8.6(9.2) Polearms
 - Level 14.0 Bows
 + Level 11.0 Armour
 - Level 3.0 Dodging
 - Level 7.3 Shields
 - Level 10.0 Invocations


You had 12 spell levels left.
You didn't know any spells.
Your spell library contained the following spells:

 Spells                   Type           Power      Damage    Failure   Level
 Animate Skeleton         Necr           0%         N/A       98%         1
 Pain                     Necr           0%         1d4       98%         1
 Summon Small Mammal      Summ           0%         N/A       98%         1
 Corpse Rot               Necr/Air       0%         N/A       99%         2
 Poisonous Vapours        Pois/Air       0%         N/A       99%         2
 Sublimation of Blood     Necr           0%         N/A       99%         2
 Wereblood                Tmut           0%         N/A       99%         2
 Call Canine Familiar     Summ           0%         N/A       100%        3
 Portal Projectile        Hex/Tloc       0%         N/A       100%        3
 Summon Guardian Golem    Hex/Summ       0%         N/A       100%        3
 Vampiric Draining        Necr           0%         2d6       100%        3
 Animate Armour           Summ/Erth      0%         N/A       100%        4
 Alistair's Intoxication  Tmut/Pois      0%         N/A       100%        5
 Blade Hands              Tmut           0%         N/A       100%        5
 Borgnjor's Vile Clutch   Necr/Erth      0%         N/A       100%        5
 Excruciating Wounds      Necr           0%         N/A       100%        5
 Eringya's Noxious Bog    Tmut/Pois      0%         N/A       100%        6
 Iron Shot                Conj/Erth      0%         9d1       100%        6
 Summon Hydra             Summ           0%         N/A       100%        7


Dungeon Overview and Level Annotations

Branches:
Dungeon (10/15)            Temple (0/1) D:5            Lair (6/6) D:10
  Swamp (0/4) Lair:4        Snake (0/4) Lair:4          Orc (0/2) D:10
 Bailey (visited)         Gauntlet (visited)
  Slime: Lair:5-6

Altars:
Ashenzari
Hepliaklqana

Shops:
D:6 (   D:9 ([:

Annotations:
D:5 Edmund
D:6 3 exclusions
D:9 3 runed translucent doors, Migumi's ghost, journeyman TrMo


Innate Abilities, Weirdness & Mutations

Your life essence is reduced to manifest your ancestor. (-10% HP)
You have a pair of horns on your head.
You reflexively headbutt those who attack you in melee.


Message History

* * * LOW HITPOINT WARNING * * *
You feel very sick.
The guardian serpent coils itself and waves its upper body at you.
You feel yourself slow down.
Zarja hits the guardian serpent with a +0 flail!
As you read the scroll labelled ASOBO WEANUIMN, it crumbles to dust.
You assume a fearsome visage.
The guardian serpent looks frightened!
It was a scroll of fear.
You flicker back into view.
* * * LOW HITPOINT WARNING * * *
You feel very sick.
Zarja hits the guardian serpent with a +0 flail.
Unknown command.
As you read the scroll labelled HUAG ESOYTT, it crumbles to dust.
Wisps of shadow whirl around you...
It was a scroll of summoning.
* * * LOW HITPOINT WARNING * * *
You feel very sick.
As you read the scroll labelled CANLO YTHREHOYRGH, it crumbles to dust.
The scroll dissolves into smoke.
It was a scroll of fog.
* * * LOW HITPOINT WARNING * * *
You feel very sick.
As you read the scroll labelled BIEMAUPNYG, it crumbles to dust.
Magic quickly surges around you.
It was a scroll of vulnerability.
* * * LOW HITPOINT WARNING * * *
You feel sick.
Unknown command.
Okay, then.
As you read the scroll labelled COS JIRHEUSUGUTA, it crumbles to dust.
You hear a loud clanging noise!
It was a scroll of noise.
* * * LOW HITPOINT WARNING * * *
You feel sick.
You hear an angry hiss.
You hear a bellow!
You hear an angry hiss.
You hear a howl!
Unknown command.
Okay, then.
There is a lethal amount of poison in your body!
* * * LOW HITPOINT WARNING * * *
You feel sick.
You die...

#....###.##....##......##....##
####†####S.###....#......#....###
..#...##.....##...##....##...##..
...#.†#P..P...##...#....#...##...
..........PR..Y##..##..##..##....
..#.†.P.........##..#..#..##.....
##...#######..§RY##.####.##....##
#P..# ###§YYF#####..#...### #...#
###@Y§##.sFs.)### #...##
###§#.s§F####.. .....
###...R.§..... ##..#.
#.P..S...... #....####..F
##..##.[###. #####FSl.###
#yl#....# #..##.....


You could see the friendly Zarja the knight, 4 friendly elephants and a friendly
cane toad (summoned, weak-willed).

Vanquished Creatures
  Kirke (Lair:6)
  A green death (Gauntlet)
  3 hydras
  A centaur warrior (D:10)
  A catoblepas (Lair:4)
  A two-headed ogre (D:9)
  An orc knight (Bailey)
  An orc sorcerer (D:10)
  A cyclops (D:10)
  3 elephants
  3 black mambas
  An orange demon (Gauntlet)
  A gargoyle (D:10)
  5 cane toads
  5 komodo dragons
  A polar bear (Lair:5)
  A hornet (Gauntlet)
  4 blink frogs
  14 yaks
  A wraith (D:10)
  7 wyverns
  A hog (Lair:6)
  A basilisk (Lair:6)
  2 large abominations (Gauntlet)
  A redback (Lair:6)
  2 steam dragons
  3 vampire mosquitoes (Lair:4)
  9 water moccasins
  6 orc warriors
  A black bear (Lair:5)
  18 wolves
  An ogre (D:6)
  2 centaurs
  2 phantoms
  A kobold brigand (D:7)
  2 bullfrogs (D:7)
  A gnoll sergeant (D:7)
  A wyvern zombie (D:6)
  A scorpion (D:4)
  A wyvern skeleton (D:7)
  Dowan (D:5)
  4 small abominations (Gauntlet)
  A killer bee (D:8)
  2 troll zombies (D:10)
  5 wights
  4 howler monkeys
  A centaur zombie (D:8)
  A bullfrog zombie (D:5)
  An orc priest (D:9)
  4 hell rats
  2 orc wizards
  A scorpion zombie (D:5)
  A killer bee zombie (D:8)
  An ogre zombie (D:10)
  Robin (D:2)
  8 adders
  9 gnolls
  A howler monkey skeleton (D:6)
  An adder skeleton (D:4)
  A worm (D:3)
  2 dart slugs
  15 orcs
  9 ball pythons
  8 bats
  10 endoplasms
  3 giant cockroaches (D:1)
  14 goblins
  7 hobgoblins
  3 jackals
  2 quokkas
  A ball python skeleton (D:2)
  5 frilled lizards
  A goblin skeleton (D:10)
  A hobgoblin skeleton (D:10)
  4 hobgoblin zombies (D:10)
  10 kobolds
  4 orc skeletons (D:10)
  5 orc zombies (D:10)
  3 rats
270 creatures vanquished.

Vanquished Creatures (collateral kills)
  A minotaur (Gauntlet)
  3 hydras
  An orc knight (Bailey)
  6 elephants (Lair:6)
  5 black mambas
  9 cane toads
  A gargoyle (D:8)
  A minotaur zombie (Gauntlet)
  A rime drake (Lair:4)
  2 komodo dragons (Lair:6)
  A troll (D:9)
  2 hornets
  Grinder (D:3)
  A blink frog (Lair:1)
  Sigmund (D:2)
  A shadow (D:9)
  Eustachio (D:5)
  4 yaks
  2 basilisks
  2 hogs (Lair:6)
  3 wyverns
  3 vampire mosquitoes (Lair:4)
  Duvessa (D:5)
  5 water moccasins
  An ice beast (D:7)
  7 orc warriors
  7 wolves
  A centaur (D:7)
  An ogre (D:6)
  A bullfrog (D:9)
  3 gnoll sergeants
  2 water moccasin zombies
  2 troll zombies (D:10)
  5 wights
  3 killer bees (D:8)
  2 bullfrog zombies
  2 hell rats (Lair:5)
  An orc wizard (D:9)
  A killer bee zombie (D:8)
  An ogre zombie (D:10)
  12 gnolls
  4 adders
  A shadow imp (D:5)
  2 white imps
  3 ufetubi
  A dart slug (D:4)
  2 orcs
  A giant cockroach (D:3)
  5 goblins
  3 jackals (D:4)
  2 kobolds
  A bat (D:2)
  A jackal zombie (D:2)
  An orc skeleton (D:10)
  3 orc zombies (D:10)
140 creatures vanquished.

Vanquished Creatures (others)
  A human (Lair:6)
  17 knights
  23 demonic plants (Gauntlet)
  35 fungi
  107 plants
  4 withered plants (D:2)
187 creatures vanquished.

Grand Total: 597 creatures vanquished

Notes
Turn   | Place    | Note
-------+----------+-------------------------------------------
     0 | D:1      | MacCMillion the Minotaur Fighter began the quest for the
                  | Orb.
     0 | D:1      | Reached XP level 1. HP: 19/19 MP: 0/0
    81 | D:1      | Reached XP level 2. HP: 23/27 MP: 1/1
   424 | D:1      | Reached XP level 3. HP: 33/33 MP: 2/2
   585 | D:1      | Found a faded altar of an unknown god.
   589 | D:1      | Prayed at the altar of an unknown god.
   589 | D:1      | Became a worshipper of Hepliaklqana the Forgotten
   589 | D:1      | Reached * piety under Hepliaklqana
   804 | D:2      | Noticed Robin
  1162 | D:2      | Reached XP level 4. HP: 35/36 MP: 3/3
  1513 | D:2      | Reached XP level 5. HP: 39/42 MP: 4/4
  1737 | D:2      | Noticed Sigmund
  1761 | D:2      | Killed Sigmund
  1762 | D:2      | Reached skill level 5 in Fighting
  1762 | D:2      | Reached skill level 5 in Armour
  1762 | D:2      | Reached skill level 5 in Shields
  1762 | D:2      | Reached XP level 6. HP: 41/50 MP: 5/5
  1842 | D:2      | Killed Robin
  1865 | D:2      | Reached ** piety under Hepliaklqana
  1866 | D:2      | Remembered your ancestor Zarja as a knight
  2521 | D:3      | Noticed Grinder
  2521 | D:3      | Paralysed by Grinder for 4 turns
  2793 | D:3      | Killed Grinder
  2794 | D:3      | Reached skill level 5 in Axes
  2794 | D:3      | Reached XP level 7. HP: 35/55 MP: 6/6
  3653 | D:4      | Reached skill level 1 in Polearms
  3745 | D:4      | Reached *** piety under Hepliaklqana
  3931 | D:5      | Entered Level 5 of the Dungeon
  4010 | D:5      | Found a staircase to the Ecumenical Temple.
  4170 | D:5      | Noticed Eustachio
  4226 | D:5      | Killed Eustachio
  4297 | D:5      | Noticed Duvessa
  4297 | D:5      | Noticed Dowan
  4306 | D:5      | Killed Dowan
  4311 | D:5      | Killed Duvessa
  4312 | D:5      | Reached XP level 8. HP: 11/63 MP: 4/7
  4766 | D:5      | Noticed Edmund
  5589 | D:6      | Found Nec Teih's Weapon Shop.
  5624 | D:6      | Identified the +1 scale mail "Qejaseg" {Stlth+}
  6255 | D:7      | Reached skill level 1 in Dodging
  6346 | D:7      | Reached skill level 5 in Polearms
  6615 | D:7      | Reached XP level 9. HP: 69/72 MP: 8/8
  6659 | D:7      | Reached **** piety under Hepliaklqana
  8130 | D:8      | Noticed a gargoyle
  8518 | D:8      | Killed a gargoyle
  8519 | D:8      | Reached skill level 1 in Bows
  9217 | D:9      | Reached skill level 1 in Invocations
  9299 | D:9      | Found Roxiorym's Weapon Shoppe.
  9350 | D:9      | Reached XP level 10. HP: 38/81 MP: 9/9
  9429 | D:9      | Found a runed translucent gate.
  9429 | D:9      | Found a runed translucent gate.
  9593 | D:9      | Found a runed translucent gate.
  9593 | D:9      | Noticed a spectral centaur warrior
  9597 | D:9      | Found Gageapau's Antique Armour Emporium.
  9686 | D:9      | Reached skill level 10 in Armour
  9743 | D:9      | Found a broken altar of Ashenzari.
  9747 | D:9      | Noticed a two-headed ogre
  9754 | D:9      | Killed a two-headed ogre
  9755 | D:9      | Reached skill level 10 in Fighting
  9958 | D:9      | Found Fidierr's Book Emporium.
 10002 | D:9      | Noticed a spectral centaur warrior
 10004 | D:9      | Noticed a spectral centaur warrior
 10007 | D:9      | Noticed Migumi's ghost (journeyman TrMo)
 10007 | D:9      | Noticed a spectral centaur warrior
 10133 | D:10     | Entered Level 10 of the Dungeon
 10178 | D:10     | Found a staircase to the Lair.
 10178 | D:10     | Noticed a cyclops
 10212 | D:10     | Reached skill level 5 in Bows
 10227 | D:10     | Reached skill level 5 in Invocations
 10237 | D:10     | Killed a cyclops
 10513 | D:10     | Found a flagged portal.
 10566 | Bailey   | Entered a bailey
 10819 | Bailey   | Reached ***** piety under Hepliaklqana
 11071 | Bailey   | Reached XP level 11. HP: 58/89 MP: 13/13
 11550 | Bailey   | Noticed an orc knight
 11553 | Bailey   | Noticed an orc knight
 11605 | Bailey   | Killed an orc knight
 11637 | Bailey   | Killed an orc knight
 12140 | D:10     | Noticed an orc sorcerer
 12155 | D:10     | Killed an orc sorcerer
 12214 | D:9      | Reached skill level 10 in Bows
 12414 | D:10     | Noticed a centaur warrior
 12415 | D:10     | Found a staircase to the Orcish Mines.
 12424 | D:10     | Killed a centaur warrior
 13165 | Lair:1   | Entered Level 1 of the Lair of Beasts
 13269 | Lair:1   | Noticed a five-headed hydra
 13277 | Lair:1   | Killed a five-headed hydra
 13624 | Lair:1   | Found a gate leading to a gauntlet.
 13731 | Gauntlet | Entered a Gauntlet
 13731 | Gauntlet | Found a transporter.
 13732 | Gauntlet | Found a large runed translucent door.
 13733 | Gauntlet | Found a large runed translucent door.
 13734 | Gauntlet | Found a large runed translucent door.
 13734 | Gauntlet | Found a large runed translucent door.
 13734 | Gauntlet | Found a runed translucent door.
 13735 | Gauntlet | Found a large runed translucent door.
 13736 | Gauntlet | Found a large runed translucent door.
 13737 | Gauntlet | Found a large runed translucent door.
 13737 | Gauntlet | Found a large runed translucent door.
 13738 | Gauntlet | Found a runed translucent gate.
 13738 | Gauntlet | Found a runed translucent gate.
 13740 | Gauntlet | Found a transporter.
 13748 | Gauntlet | Found a runed translucent gate.
 13748 | Gauntlet | Found a runed translucent door.
 13749 | Gauntlet | Found a large runed translucent door.
 13749 | Gauntlet | Found a large runed translucent door.
 13750 | Gauntlet | Found a large runed translucent door.
 13751 | Gauntlet | Found a large runed translucent door.
 13755 | Gauntlet | Found a transporter.
 13760 | Gauntlet | Found a transporter.
 13775 | Gauntlet | Found a transporter.
 13794 | Gauntlet | Found a transporter.
 13794 | Gauntlet | Noticed an orange crystal statue
 13806 | Gauntlet | Found a transporter.
 13806 | Gauntlet | Noticed an orange crystal statue
 13812 | Gauntlet | Found a transporter.
 13824 | Gauntlet | Noticed a green death
 13827 | Gauntlet | Found a transporter.
 13833 | Gauntlet | Found a transporter.
 13848 | Gauntlet | Found a transporter.
 13849 | Gauntlet | Noticed a reaper
 13854 | Gauntlet | Found a transporter.
 13869 | Gauntlet | Found a transporter.
 13875 | Gauntlet | Found a transporter.
 13914 | Gauntlet | Found a transporter.
 13957 | Gauntlet | Found a large runed translucent door.
 13957 | Gauntlet | Found a large runed translucent door.
 13958 | Gauntlet | Found a large runed translucent door.
 13959 | Gauntlet | Found a large runed translucent door.
 13961 | Gauntlet | Found a transporter.
 13972 | Gauntlet | Found a transporter.
 14495 | Gauntlet | Found a transporter.
 14503 | Gauntlet | Identified the +2 hat "Kuirchua" {rF+ Int+4}
 14593 | Gauntlet | Killed a green death
 14594 | Gauntlet | Reached XP level 12. HP: 58/97 MP: 11/15
 14780 | Gauntlet | Noticed a minotaur
 14800 | Gauntlet | Killed a minotaur
 16170 | Lair:2   | You are sucked into a shaft and drop 2 floors!
 16204 | Lair:4   | Noticed a catoblepas
 16216 | Lair:4   | Killed a catoblepas
 16498 | Lair:4   | Found a staircase to the Swamp.
 17039 | Lair:4   | Found a staircase to the Snake Pit.
 18986 | Lair:6   | Entered Level 6 of the Lair of Beasts
 18986 | Lair:6   | Noticed a four-headed hydra
 19086 | Lair:5   | Killed a four-headed hydra
 19087 | Lair:5   | Reached XP level 13. HP: 56/109 MP: 18/18
 20418 | Lair:6   | Reached skill level 10 in Invocations
 20565 | Lair:6   | Noticed Kirke
 20595 | Lair:6   | Killed Kirke
 21542 | Lair:6   | HP: 5/112 [poisoned by a guardian serpent (bolt of poison)]
 21544 | Lair:6   | HP: 2/112 [poisoned by a guardian serpent (bolt of poison)]
 21546 | Lair:6   | Succumbed to a guardian serpent's bolt of poison

Illustrated notes

Levels and vault maps discovered:
D:1:      evilmike_arrival_fibonacci_small, layout_loops_ring,
          shapermc_ecumenical_altar_petra
D:2:      layout_basic, serial_undead, serial_undead_b, serial_undead_d,
          serial_undead_c, serial_undead_f, uniq_sigmund, uniq_robin
D:3:      layout_loops_cross, st_stairs_4, minivault_4, uniq_grinder
D:4:      layout_loops_cross, minmay_misc_feat_enclosed
D:5:      layout_basic, minmay_temple_entry_wispy, uniq_eustachio, uniq_edmund,
          uniq_duvessa
D:6:      layout_basic, serial_shops, nicolae_shop_hallway_plus, serial_bayou,
          serial_bayou_pond_e, serial_bayou_pond_b, serial_bayou_lagoon_a,
          serial_bayou_shore_b, serial_bayou_lake_a
D:7:      layout_loops_corners
D:8:      layout_loops_ring, minmay_crossroads
D:9:      layout_roguey, ashenzari_conservatory_becter,
          gammafunk_ghost_necromancy, serial_shops,
          nicolae_shop_bloodbath_and_beyond,
          nicolae_shop_competitors_out_of_business, shop, skrybe_limestone_x
D:10:     layout_loops_corners, minmay_lair_entry_grove, zombieorc1_lemuel,
          enter_bailey_5, minmay_misc_feat_diagonals, minmay_misc_feat_rugged
Lair:1:   layout_roguey, gauntlet_entry_generic
Lair:2:   layout_roguey, serial_rivers, chequers_serial_rivers_room_a,
          chequers_serial_rivers_small_b, chequers_serial_rivers_small_b,
          chequers_serial_rivers_room_a, chequers_serial_rivers_marsh,
          grunt_forest_large_clearings
Lair:4:   layout_cave_pods, minmay_swamp_entry_swarm, dummy_snake_entry
Lair:5:   layout_small_grid, serial_bayou_shore_b, infiniplex_staircase_pool_2
Lair:6:   hangedman_lair_tendril_chambers, layout_small_grid,
          hangedman_lair_caniforms_friends, minmay_slime_entry_pillars,
          uniq_kirke

Skill      XL: |  1  2  3  4  5  6  7  8  9 10 11 12 13 |
---------------+----------------------------------------+-----
Shields        | 4 5 6 7 |  7.3
Fighting       | 4 5 6 8 9 10 13 14 | 14.7
Armour         | 4 5 6 7 9 10 11 | 11.0
Axes           | 3 4 5 |  5.0
Polearms       | 2 5 7 8 |  8.6
Dodging        | 2 3 |  3.0
Bows           | 2 8 12 14 | 14.0
Invocations    | 1 5 6 8 10 | 10.0

Action                   |  1- 3 |  4- 6 |  7- 9 | 10-12 | 13-15 || total
-------------------------+-------+-------+-------+-------+-------++-------
Melee: War axe           |    77 |    59 |       |       |       ||   136
       Headbutt          |     7 |     8 |    21 |    68 |    24 ||   128
       Spear             |       |       |   292 |       |       ||   292
       Punch             |       |       |     1 |     9 |     4 ||    14
       Trident           |       |       |       |   457 |   122 ||   579
 Fire: Shortbow          |       |       |       |    63 |    27 ||    90
Throw: Throwing net      |       |       |       |     1 |       ||     1
Invok: Recall Ancestor   |     1 |       |       |     2 |       ||     3
       Ancestor Life: Kn |       |     1 |       |       |       ||     1
       Transference      |       |       |     1 |       |     2 ||     3
       Idealise          |       |       |     1 |     3 |     2 ||     6
Evoke: Wand              |       |       |     1 |     7 |       ||     8
       Tin of tremorston |       |       |       |     1 |       ||     1
  Use: Scroll            |       |       |       |    11 |    10 ||    21
       Potion            |       |       |       |     5 |     7 ||    12
 Stab: Distracted        |       |       |     4 |     2 |     1 ||     7
       Petrified         |       |       |       |     1 |       ||     1
Armor: Scale mail        |    42 |    27 |    21 |       |       ||    90
       Chain mail        |       |       |    46 |    16 |       ||    62
       Plate armour      |       |       |       |   161 |   115 ||   276
Dodge: Dodged            |    35 |    26 |    56 |   232 |    98 ||   447
Block: Buckler           |    15 |    13 |    16 |       |       ||    44
